 Dungeon Crawl Stone Soup version 0.16.1-14-g82efdee (webtiles) character file.

1763 KarvaRausku the Cleaver (level 8, 0/63 HPs)
             Began as a Black Draconian Fighter on Apr 12, 2015.
             Was an Initiate of Okawaru.
             Slain by a killer bee (5 damage)
             ... on level 7 of the Dungeon.
             The game lasted 00:14:49 (5773 turns).

KarvaRausku the Cleaver (Black Draconian Fighter)   Turns: 5773, Time: 00:14:49

Health: 0/63       AC:  8    Str: 25    XL:     8   Next: 79%
Magic:  8/8        EV: 10    Int: 10    God:    Okawaru [......]
Gold:   413        SH:  9    Dex: 10    Spells: 0 memorised, 7 levels left

rFire  + . .     SeeInvis .     a - +0 war axe (curse)
rCold  . . .     Clarity  .     (armour unavailable)
rNeg   . . .     SustAb   .     c - +0 shield
rPois  .         Gourm    .     (helmet restricted)
rElec  +         Spirit   .     (no cloak)
rCorr  .         Warding  .     b - +0 pair of gloves
rMut   .         Stasis   .     d - +0 pair of boots (curse)
MR     .....                    (no amulet)
Stlth  +.........               z - ring of protection from fire
                                r - +5 ring of strength (curse)

@: lethally poisoned (0 -> -22), not resistant to hostile enchantments, very
unstealthy
A: breathe lightning, unfitting armour, electricity resistance, cold-blooded, AC
+6
a: Breathe Lightning, Renounce Religion


You were on level 7 of the Dungeon.
You worshipped Okawaru.
Okawaru was noncommittal.
You were not hungry.

You visited 1 branch of the dungeon, and saw 7 of its levels.
You also visited: Ossuary.

You collected 413 gold pieces.

Inventory:

Hand weapons
 a - a cursed +0 war axe (weapon)
 m - a +0 arbalest
 M - a +0 war axe
Armour
 b - a +0 pair of gloves (worn)
 c - a +0 shield (worn)
 d - a cursed +0 pair of boots (worn)
Magical staves
 I - an uncursed staff of fire {unknown}
Jewellery
 r - a cursed +5 ring of strength (left hand)
 v - an uncursed ring of wizardry
 z - a ring of protection from fire (right hand)
Magical devices
 o - a wand of fireball (1)
 s - a wand of slowing (28)
 K - a wand of fire (2)
Scrolls
 h - a scroll of enchant weapon {unknown}
 i - 2 scrolls of remove curse {unknown}
 j - 4 scrolls of identify
 n - a scroll of amnesia {unknown}
 w - a scroll of magic mapping {unknown}
 x - a scroll of fog {unknown}
 y - a scroll of teleportation {unknown}
 B - 2 scrolls of fear {unknown}
 H - 2 scrolls of enchant armour {unknown}
 J - a scroll of random uselessness {unknown}
 L - a scroll of recharging {unknown}
Potions
 e - 2 potions of heal wounds
 g - 8 potions of curing
 l - a potion of lignification {unknown}
 t - a potion of haste {unknown}
 u - 2 potions of restore abilities {unknown}
 A - 2 potions of invisibility
 C - a potion of ambrosia {unknown}
 E - a potion of agility {unknown}
 F - a potion of cancellation {unknown}
 G - a potion of brilliance {unknown}
Miscellaneous
 D - a plain deck of wonders
Comestibles
 f - 2 bread rations
 k - 7 fruits
 p - 3 meat rations
 q - 5 chunks of flesh


   Skills:
 - Level 3.2 Fighting
 + Level 11.3 Axes
 - Level 2.6 Dodging
 - Level 3.0 Shields


You had 7 spell levels left.
You didn't know any spells.

Dungeon Overview and Level Annotations

Branches:
Dungeon (7/15)
 Temple: D:4-7

Altars:
Cheibriados
Nemelex Xobeh
Okawaru
Ru
Trog
Xom

Shops:
D:6 ?

Annotations:
D:6 Prince Ribbit


Innate Abilities, Weirdness & Mutations

You can breathe wild blasts of lightning.
Your glossy black scales are hard (AC +6).
Your body does not fit into most forms of armour.
You are resistant to electric shocks.
Your cold-blooded metabolism reacts poorly to cold.


Message History

You block the killer bee's attack. x2
You miss the killer bee.
Your tail-slap misses the killer bee.
You feel very sick. The killer bee stings you. x2
* * * LOW HITPOINT WARNING * * *
You hit the killer bee but do no damage.
* * * LOW HITPOINT WARNING * * *
You feel very sick. You block the killer bee's attack.
The killer bee barely misses you. The killer bee stings you.
* * * LOW HITPOINT WARNING * * *
Read which item? (? for menu, Esc to quit)
As you read the scroll labeled SCHASU TAYJA, it crumbles to dust.
It is a scroll of identify.
Identify which item? (\ to view known items) (? for menu, Esc to quit)
A - 2 potions of invisibility
* * * LOW HITPOINT WARNING * * *
You feel very sick. The killer bee stings you.
You die...

........####........##.
........................
..........#.#......>..
.#.......##....$....#
.......#.##<.#......#
.####....##..#......# .
###..##.##^yyy..#
#......###y####
###.....##@### .#
#..^.......###
#....###.####.#...#
#.......##...#.##
####............#
#...............#
................##.#
####........(...# ..
##..........##


You could see 4 killer bees.

Vanquished Creatures
  Eustachio (D:5)
  A sky beast (D:3)
  3 ogres
  2 centaurs
  Duvessa (D:6)
  A giant frog (D:6)
  A killer bee (D:7)
  3 scorpions
  A crimson imp (D:5)
  A giant frog zombie (D:4)
  Dowan (D:6)
  A hound (D:6)
  A quasit (D:7)
  3 centaur zombies (Ossuary)
  A jelly (D:5)
  3 human zombies (Ossuary)
  2 iguanas
  3 worker ants
  Jessica (D:2)
  2 big kobold zombies (Ossuary)
  Terence (D:2)
  A hound skeleton (D:4)
  3 mummies (Ossuary)
  A worker ant zombie (D:7)
  4 adders
  A giant mite (D:7)
  2 worms
  5 adder zombies
  An adder skeleton (D:6)
  A giant gecko (D:3)
  18 orcs
  2 bats
  2 bat skeletons
  4 giant cockroaches
  2 gnoll zombies (Ossuary)
  6 hobgoblins
  3 giant newts
  5 goblins
  2 goblin zombies (Ossuary)
  3 hobgoblin zombies (Ossuary)
  6 jackals
  A jackal zombie (Ossuary)
  12 kobolds
  4 kobold zombies (Ossuary)
  2 orc zombies (Ossuary)
  5 quokkas
  A quokka skeleton (D:4)
  A quokka zombie (Ossuary)
  13 rats
  7 rat zombies (Ossuary)
152 creatures vanquished.

Notes
Turn   | Place    | Note
--------------------------------------------------------------
     0 | D:1      | KarvaRausku, the Draconian Fighter, began the quest for the Orb.
     0 | D:1      | Reached XP level 1. HP: 19/19 MP: 1/1
   253 | D:1      | Reached XP level 2. HP: 21/26 MP: 2/2
   818 | D:2      | Noticed Terence
   835 | D:2      | Killed Terence
   835 | D:2      | Reached XP level 3. HP: 11/31 MP: 3/3
  1352 | D:2      | Noticed Jessica
  1362 | D:2      | Killed Jessica
  1362 | D:2      | Reached skill level 4 in Axes
  1507 | D:2      | Reached XP level 4. HP: 38/38 MP: 4/4
  1941 | D:3      | Found a bloodstained altar of Trog.
  2016 | D:3      | Reached skill level 5 in Axes
  2016 | D:3      | Reached XP level 5. HP: 42/45 MP: 5/5
  2152 | D:3      | Noticed a sky beast
  2175 | D:3      | Killed a sky beast
  2175 | D:3      | Reached skill level 6 in Axes
  2516 | D:4      | Found a sand-covered staircase.
  2533 | Ossuary  | Entered an ossuary
  2580 | Ossuary  | Reached XP level 6. HP: 44/51 MP: 6/6
  2694 | Ossuary  | Reached skill level 7 in Axes
  2777 | Ossuary  | Your scales start taking on a glossy black colour.
  2777 | Ossuary  | Gained mutation: You are resistant to electric shocks. [draconian maturity]
  2777 | Ossuary  | Reached XP level 7. HP: 35/57 MP: 7/7
  3014 | D:4      | Noticed an ogre
  3021 | D:4      | Killed an ogre
  3021 | D:4      | Reached skill level 8 in Axes
  3031 | D:4      | Noticed an ogre
  3292 | D:3      | Killed an ogre
  3426 | D:4      | Found a sacrificial altar of Ru.
  3638 | D:4      | Reached skill level 9 in Axes
  3693 | D:5      | Entered Level 5 of the Dungeon
  3828 | D:5      | Noticed Eustachio
  3869 | D:5      | Killed Eustachio
  3869 | D:5      | Reached XP level 8. HP: 47/63 MP: 8/8
  3910 | D:5      | Reached skill level 10 in Axes
  4876 | D:6      | Noticed Dowan
  4882 | D:6      | Killed Dowan
  4883 | D:6      | Noticed Duvessa
  4895 | D:6      | Killed Duvessa
  5132 | D:6      | Found Maria's Magic Scroll Emporium.
  5173 | D:6      | Found a shimmering altar of Xom.
  5174 | D:6      | Found an iron altar of Okawaru.
  5205 | D:6      | Became a worshipper of Warmaster Okawaru
  5225 | D:6      | Reached skill level 11 in Axes
  5236 | D:6      | Noticed Prince Ribbit
  5257 | D:7      | Found a snail-covered altar of Cheibriados.
  5257 | D:7      | Found a sparkling altar of Nemelex Xobeh.
  5773 | D:7      | Slain by a killer bee

Action                   |  1- 3 |  4- 6 |  7- 9 || total
-------------------------+-------+-------+-------++-------
Melee: War axe           |    90 |   175 |   226 ||   491
  Use: Potion            |       |     1 |     4 ||     5
       Scroll            |       |       |     1 ||     1
 Stab: Sleeping          |       |       |     1 ||     1
  Eat: Chunk             |     2 |     3 |     4 ||     9
       Bread ration      |       |       |     1 ||     1
       Fruit             |       |       |     1 ||     1
       Beef jerky        |       |       |     1 ||     1
